cohdb
Replays
Latest Replays
All Replays
Popular Replays
Top Player Replays
Match Explorer
How It Works
Community
CoH3 Stats
Reddit
Sign in to upload your games and track your stats! →
Sign in with Steam
Match 34962964
Unlisted
Match 34962964
Overview
Messages
Build Orders
End
Construct Infanterie Kompanie
Selects Breakthrough Battlegroup
Selects Assault Grenadiers
Grenadier Squad
Grenadier Squad
GrW 34 Mortar Team
MG 42 Machine Gun Team
Selects Breakthrough
Infanterie Officer Quarters
Medical Station
Grenadier Squad
Grenadier Squad
Grenadier Squad
Construct Luftwaffe Kompanie
Selects Incendiary Bombing Run
Grenadier Squad
Support Elements
Selects Rapid Production
Jäger Squad
Luftwaffe Officer Quarters
GrW 34 Mortar Team
Construct Panzergrenadier Kompanie
Selects Blitzkrieg
Nebelwerfer 42 Rocket Launcher Team
Panzergrenadier Officer Quarters
Incendiary Bombing Run
Grenadier Squad
GrW 34 Mortar Team
Jäger Squad
Panzergrenadier Squad
StuG III G Assault Gun
Selects Panzer IV Command Tank Sd.Kfz. 161/1
Pak 40 Anti-tank Gun Team
Incendiary Bombing Run
Panzergrenadier Squad
Pioneer Squad
Pioneer Squad
Arrrrjen
SoulStreSs
EMPEROR
Hunter
Jacko_do_ob
Cannonfodderbob
Chompy
L1mbo
0
0
Comments
sign in to comment!
No comments posted yet!